[Event "Early Titled Tuesday Blitz | February 8 2022"]
[White "Gatterer, Florian"]
[Black "Tologon tegin, Semetei"]
[WhiteFideId "811688"]
[BlackFideId "13800574"]
[WhiteElo "2218"]
[BlackElo "2258"]
[Result "0-1"]
[Round "02"]
[TimeControl "180+1"]
[Date "2022.02.08"]
[WhiteClock "0:01:13"]
[BlackClock "0:02:16"]

1. d4 Nf6 2. Bf4 d5 3. e3 c5 4. Nf3 Nc6 5. Nbd2 Qb6 6. dxc5 Qxb2 7. Rb1 Qc3 8. Bb5 Qxc5 9. c4 e6 10. O-O Bd6 11. Nb3 Qa3 12. Nfd4 Bxf4 13. Nxc6 a6 14. Ncd4+ axb5 15. Nxb5 Qe7 16. exf4 O-O 17. f5 dxc4 18. N3d4 e5 19. Nf3 Bxf5 20. Rc1 Bd3 21. Re1 e4 22. Nfd4 Rxa2 23. Nf5 Qc5 24. Nbd4 Rd8 0-1


[Site "https://www.chess.com"]

[Event "Early Titled Tuesday Blitz | February 8 2022"]
[White "Gelman, Alexander"]
[Black "Al-Tarboush, Ward"]
[WhiteFideId "4118316"]
[BlackFideId "7601450"]
[WhiteElo "2375"]
[BlackElo "2276"]
[Result "0-1"]
[Round "02"]
[TimeControl "180+1"]
[Date "2022.02.08"]
[WhiteClock "0:00:26"]
[BlackClock "0:01:57"]

1. d4 d5 2. Nc3 c6 3. Bf4 Nf6 4. f3 Qa5 5. Qd2 e6 6. e4 dxe4 7. fxe4 Bb4 8. Bd3 Nbd7 9. Nf3 c5 10. dxc5 Nxc5 11. O-O Ncxe4 12. Qe2 Nxc3 13. bxc3 Bc5+ 14. Kh1 O-O 15. Be5 Be7 16. Rab1 h6 17. Rb5 Qd8 18. g4 Bd7 19. Rb4 Bc6 20. h4 Bxb4 21. cxb4 Nxg4 22. Ba1 Qxh4+ 23. Kg1 Qg3+ 24. Kh1 Nh2 25. Qxh2 Bxf3+ 26. Rxf3 Qxf3+ 27. Kg1 Qd1+ 0-1


[Site "https://www.chess.com"]

[Event "Early Titled Tuesday Blitz | February 8 2022"]
[White "Goldin, Roman"]
[Black "Khamzin, Olzhas"]
[WhiteFideId "2803860"]
[BlackFideId "13701690"]
[WhiteElo "2312"]
[BlackElo "2194"]
[Result "1-0"]
[Round "02"]
[TimeControl "180+1"]
[Date "2022.02.08"]
[WhiteClock "0:00:23"]
[BlackClock "0:00:19"]

1. e4 e6 2. d4 d6 3. Nc3 Be7 4. f4 Nd7 5. Nf3 b6 6. a4 a6 7. Bc4 Bb7 8. Qe2 Ngf6 9. O-O c5 10. e5 dxe5 11. dxe5 Nd5 12. f5 Qc7 13. Bxd5 Bxd5 14. Nxd5 exd5 15. f6 gxf6 16. exf6 Nxf6 17. Ne5 O-O 18. Bh6 Kh8 19. Bxf8 Rxf8 20. Rae1 c4 21. c3 Bc5+ 22. Kh1 Ne4 23. Qh5 Nf2+ 24. Rxf2 Bxf2 25. Rf1 Bc5 26. Nxf7+ Kg7 27. Qg5# 1-0


[Site "https://www.chess.com"]

[Event "Early Titled Tuesday Blitz | February 8 2022"]
[White "Golizadeh, Asghar"]
[Black "Kornyukov, Alexey"]
[WhiteFideId "12505269"]
[BlackFideId "4150457"]
[WhiteElo "2403"]
[BlackElo "2303"]
[Result "0-1"]
[Round "02"]
[TimeControl "180+1"]
[Date "2022.02.08"]
[WhiteClock "0:00:28"]
[BlackClock "0:01:20"]

1. e4 c5 2. Nf3 Nc6 3. Bb5 g6 4. Bxc6 dxc6 5. d3 Bg7 6. h3 e5 7. Nc3 Ne7 8. Be3 b6 9. Qd2 h5 10. O-O Be6 11. Ng5 Qd7 12. a3 O-O 13. f4 exf4 14. Rxf4 Bh6 15. Nxe6 Qxe6 16. Rf2 Bxe3 17. Qxe3 Rae8 18. Raf1 Nc8 19. Qg5 Nd6 20. Rf6 Qe7 21. e5 Nb5 22. e6 Nxc3 23. exf7+ Rxf7 24. Qxg6+ Rg7 25. Qxh5 Ne2+ 26. Kh2 Qc7+ 27. R1f4 Qb8 28. Rh6 Qxf4+ 29. Kh1 Ng3+ 30. Kh2 Nxh5+ 31. g3 Re2+ 32. Kh1 Qf3+ 33. Kg1 Qg2# 0-1


[Site "https://www.chess.com"]

[Event "Early Titled Tuesday Blitz | February 8 2022"]
[White "Gombocz, Ferenc Jr."]
[Black "Barrientos, Sergio E"]
[WhiteFideId "775029"]
[BlackFideId "4401824"]
[WhiteElo "1913"]
[BlackElo "2441"]
[Result "1-0"]
[Round "02"]
[TimeControl "180+1"]
[Date "2022.02.08"]
[WhiteClock "0:00:14"]
[BlackClock "0:00:48"]

1. c4 Nf6 2. g3 e6 3. Bg2 d5 4. Nf3 Be7 5. O-O O-O 6. d4 c6 7. Nbd2 b6 8. Qc2 Ba6 9. b3 b5 10. c5 b4 11. Re1 Nbd7 12. e4 dxe4 13. Nxe4 Nxe4 14. Qxe4 Nf6 15. Qc2 Nd5 16. Ne5 Bb5 17. Bd2 Bf6 18. Bxd5 Qxd5 19. Bxb4 Qxd4 20. Bc3 Qxc5 21. a4 Ba6 22. b4 Qd6 23. Rad1 Qc7 24. Nd7 Bxc3 25. Nxf8 Bxe1 26. Rd7 Bxf2+ 27. Kg2 Qxd7 28. Nxd7 Rd8 29. Kxf2 Bb7 30. Ne5 h5 31. Nxc6 Rd6 32. Na5 Bd5 33. b5 e5 34. Qc7 Rf6+ 35. Ke2 Bf3+ 36. Ke3 e4 37. Qxa7 Bg2 38. b6 Rf3+ 39. Ke2 Bf1+ 40. Ke1 Bd3 41. b7 e3 42. b8=Q+ Kh7 43. Qf4 1-0


[Site "https://www.chess.com"]

[Event "Early Titled Tuesday Blitz | February 8 2022"]
[White "Goryachkina, Aleksandra"]
[Black "Gupta, Abhijeet"]
[WhiteFideId "4147103"]
[BlackFideId "5010608"]
[WhiteElo "2426"]
[BlackElo "2549"]
[Result "0-1"]
[Round "02"]
[TimeControl "180+1"]
[Date "2022.02.08"]
[WhiteClock "0:00:01"]
[BlackClock "0:00:14"]

1. e4 c5 2. Nf3 d6 3. Bb5+ Bd7 4. c4 Nf6 5. Nc3 g6 6. O-O Bg7 7. d4 cxd4 8. Nxd4 O-O 9. h3 a6 10. Bxd7 Nbxd7 11. Be3 Rc8 12. b3 b5 13. Rc1 bxc4 14. bxc4 Ne5 15. Bg5 Nxc4 16. Bxf6 Bxf6 17. Nd5 e6 18. Nxf6+ Qxf6 19. Qd3 d5 20. exd5 exd5 21. Nb3 Rcd8 22. Rfd1 Kg7 23. Qd4 Rd6 24. Nc5 Qxd4 25. Rxd4 Ne5 26. Rcd1 Nc6 27. Rxd5 Rxd5 28. Rxd5 Nb4 29. Rd6 a5 30. a3 Nc2 31. a4 Rc8 32. Nb7 Rc4 33. Nxa5 Rxa4 34. Nc6 Ra6 35. Kf1 Nb4 36. Nxb4 Rxd6 37. Ke2 h5 38. Nd3 Ra6 39. Ke3 Ra3 40. Ke4 Kf6 41. Ke3 Ke6 42. Ke4 Ra4+ 43. Ke3 Ra1 44. Nf4+ Kf5 45. Nd3 g5 46. Kf3 h4 47. Ke3 Ra3 48. Ke2 Ke4 49. Ne1 Ra2+ 50. Kf1 f6 51. Nf3 Kd3 52. Ne1+ Kd2 53. Nf3+ Kd1 54. Nd4 Ra1 55. g3 hxg3 56. fxg3 Kd2+ 57. Kf2 Kd3 58. Nf5 Ke4 59. Nd6+ Kd5 60. Nf5 Ke5 61. Ne3 f5 62. Kf3 Ra3 63. Kf2 Ke4 64. Nf1 Ra2+ 65. Ke1 Kf3 0-1


[Site "https://www.chess.com"]

[Event "Early Titled Tuesday Blitz | February 8 2022"]
[White "Grischuk, Alexander"]
[Black "Weetik, Vjacheslav"]
[WhiteFideId "4126025"]
[BlackFideId "4153472"]
[WhiteElo "2762"]
[BlackElo "2469"]
[Result "1-0"]
[Round "02"]
[TimeControl "180+1"]
[Date "2022.02.08"]
[WhiteClock "0:01:30"]
[BlackClock "0:00:08"]

1. e4 c6 2. d4 d5 3. e5 Bf5 4. Be2 e6 5. Nf3 Nd7 6. O-O Bg6 7. a4 Nh6 8. a5 Nf5 9. Nbd2 Be7 10. g4 Nh6 11. Ne1 c5 12. c3 f5 13. exf6 gxf6 14. Ng2 Qc7 15. Nb3 Nf7 16. Nf4 Qc6 17. dxc5 Bxc5 18. Nd4 Bxd4 19. cxd4 O-O 20. Be3 Qd6 21. Qb3 Ng5 22. Qa3 Qxa3 23. Rxa3 Rfe8 24. Rc1 Be4 25. Rc7 Nf8 26. Nh5 1-0


[Site "https://www.chess.com"]

[Event "Early Titled Tuesday Blitz | February 8 2022"]
[White "Guliev, Logman"]
[Black "Golsta, Madara"]
[WhiteFideId "13400061"]
[BlackFideId "11607386"]
[WhiteElo "2128"]
[BlackElo "1997"]
[Result "1-0"]
[Round "02"]
[TimeControl "180+1"]
[Date "2022.02.08"]
[WhiteClock "0:01:22"]
[BlackClock "0:00:02"]

1. e4 c5 2. Nf3 d6 3. d4 cxd4 4. Nxd4 Nf6 5. Nc3 g6 6. Be3 Bg7 7. f3 Nc6 8. Qd2 O-O 9. Bc4 Bd7 10. O-O-O Rc8 11. Bb3 Ne5 12. h4 h5 13. Bg5 Rc5 14. Kb1 b5 15. g4 Nc4 16. Qd3 Qc8 17. Bxf6 Bxf6 18. Nd5 Be6 19. Nxf6+ exf6 20. gxh5 Rxh5 21. f4 d5 22. Nxe6 fxe6 23. exd5 Kh7 24. dxe6 Qxe6 25. Rhe1 Qg4 26. Rg1 Qf5 27. Bxc4 bxc4 28. Qxc4 Rxh4 29. Rh1 Rh5 30. Qc7+ Kg8 31. Rhg1 Rc8 32. Rxg6+ Qxg6 33. Qxc8+ Kh7 34. Rd7+ 1-0


[Site "https://www.chess.com"]

[Event "Early Titled Tuesday Blitz | February 8 2022"]
[White "Gunina, Valentina"]
[Black "Nikologorsky, Matfei"]
[WhiteFideId "4167570"]
[BlackFideId "24102474"]
[WhiteElo "2465"]
[BlackElo "2231"]
[Result "1-0"]
[Round "02"]
[TimeControl "180+1"]
[Date "2022.02.08"]
[WhiteClock "0:01:43"]
[BlackClock "0:00:04"]

1. d4 Nf6 2. c4 g6 3. Nc3 d5 4. cxd5 Nxd5 5. Nf3 Bg7 6. e4 Nxc3 7. bxc3 c5 8. Rb1 O-O 9. Be2 b6 10. O-O cxd4 11. cxd4 Bb7 12. d5 Nd7 13. Nd4 Nc5 14. Bf3 e6 15. Ba3 exd5 16. Bxc5 bxc5 17. Rxb7 dxe4 18. Nc6 Qh4 19. g3 Qf6 20. Bxe4 Rae8 21. Qf3 Qg5 22. Bd5 Kh8 23. h4 Qd2 24. Rxa7 f5 25. Rd1 Re1+ 26. Rxe1 Qxe1+ 27. Kg2 Re8 28. h5 g5 29. Qxf5 Rf8 30. Rf7 Rxf7 31. Qxf7 Bd4 32. Qg8# 1-0


[Site "https://www.chess.com"]

[Event "Early Titled Tuesday Blitz | February 8 2022"]
[White "Gurevich, Dmitry"]
[Black "Kazarian, Anna-Maja"]
[WhiteFideId "2000407"]
[BlackFideId "1033689"]
[WhiteElo "2506"]
[BlackElo "2004"]
[Result "0-1"]
[Round "02"]
[TimeControl "180+1"]
[Date "2022.02.08"]
[WhiteClock "0:00:10"]
[BlackClock "0:00:03"]

1. d4 d5 2. c4 e6 3. Nc3 Nf6 4. Nf3 Be7 5. g3 O-O 6. Bg2 c6 7. O-O Nbd7 8. Qb3 b6 9. Rd1 Bb7 10. Bf4 c5 11. dxc5 Nxc5 12. Qc2 Nfe4 13. cxd5 exd5 14. Nxe4 Nxe4 15. Nd4 Rc8 16. Qb3 Qe8 17. Nf5 Bc5 18. Be3 Bxe3 19. Nxe3 Qe5 20. Nxd5 Nc5 21. Qe3 Qxe3 22. Nxe3 Bxg2 23. Kxg2 Rfd8 24. Rxd8+ Rxd8 25. Rd1 Rc8 26. Rd2 g6 27. Nd5 Kg7 28. f3 f5 29. Nf4 Kf7 30. h4 h6 31. Kf2 g5 32. Nd3 Nxd3+ 33. Rxd3 Rc7 34. hxg5 hxg5 35. Rc3 Rd7 36. Ke1 Kf6 37. Rd3 Rc7 38. Kd2 Ke5 39. e3 Rh7 40. f4+ gxf4 41. gxf4+ Ke4 42. Rd4+ Kf3 43. Kd3 Re7 44. Rd5 Rxe3+ 45. Kd2 Kxf4 46. Rxf5+ Kxf5 47. Kxe3 Ke5 48. Kd3 Kd5 49. Kc3 Kc5 50. b3 a5 51. a3 b5 52. Kd3 Kd5 53. Ke3 Ke5 54. b4 a4 55. Kd3 Kd5 56. Kd2 Kd4 57. Kc2 Kc4 58. Kb2 Kd3 59. Ka2 Kc3 0-1


[Site "https://www.chess.com"]

[Event "Early Titled Tuesday Blitz | February 8 2022"]
[White "Hamley, Ryan"]
[Black "Allahverdiyeva, Ayan"]
[WhiteFideId "30959497"]
[BlackFideId "13412590"]
[WhiteElo "2471"]
[BlackElo "1910"]
[Result "1-0"]
[Round "02"]
[TimeControl "180+1"]
[Date "2022.02.08"]
[WhiteClock "0:01:59"]
[BlackClock "0:01:33"]

1. d4 Nf6 2. c4 g6 3. Nc3 Bg7 4. e4 O-O 5. h3 c5 6. Nf3 cxd4 7. Nxd4 Nc6 8. Be3 d6 9. Be2 Bd7 10. O-O Rc8 11. Rc1 a6 12. Qd2 Nxd4 13. Bxd4 Be6 14. b3 Nd7 15. Bxg7 Kxg7 16. Qd4+ Kg8 17. Kh2 Qa5 18. f4 Nc5 19. f5 Bd7 20. Nd5 Rce8 21. b4 Qxa2 22. bxc5 Qxe2 23. cxd6 e5 24. fxe6 Rxe6 25. Ne7+ Rxe7 26. dxe7 1-0


[Site "https://www.chess.com"]

[Event "Early Titled Tuesday Blitz | February 8 2022"]
[White "Hansen, Eric"]
[Black "Ohanyan, Emin"]
[WhiteFideId "2606771"]
[BlackFideId "13312022"]
[WhiteElo "2568"]
[BlackElo "1809"]
[Result "0-1"]
[Round "02"]
[TimeControl "180+1"]
[Date "2022.02.08"]
[WhiteClock "0:00:08"]
[BlackClock "0:00:04"]

1. c4 e5 2. Nc3 Nf6 3. Nf3 Nc6 4. g3 Bb4 5. Bg2 O-O 6. O-O d6 7. Nd5 Nxd5 8. cxd5 Ne7 9. a3 Bc5 10. d4 exd4 11. Nxd4 Nf5 12. Nxf5 Bxf5 13. b4 Bb6 14. Bb2 Qg5 15. Rc1 Rfe8 16. e3 Be4 17. Bxe4 Rxe4 18. Qd3 Rae8 19. Rfe1 h5 20. Rc4 Rxc4 21. Qxc4 Qf5 22. Kg2 Re4 23. Qd3 h4 24. f3 h3+ 25. Kf2 Rxe3 26. Qxf5 Re5+ 27. Kf1 Rxf5 28. Re8+ Kh7 29. Ke2 Rxd5 30. f4 Bg1 31. Re7 Kg6 32. g4 Bxh2 33. Kf3 f6 34. f5+ Kh6 35. Re1 Be5 36. Ke4 Bxb2 37. Kxd5 Kg5 38. Ke4 Be5 39. Kf3 h2 40. Rc1 c5 41. bxc5 dxc5 42. Kg2 b6 43. Rd1 Kxg4 44. Rd7 a5 45. Rxg7+ Kxf5 46. Rb7 Ke4 47. Rxb6 c4 48. Ra6 c3 49. Rxa5 Kd4 50. Ra6 c2 51. Rc6 Kd3 52. a4 Bc3 53. Rd6+ Kc4 54. Rc6+ Kb3 55. Rb6+ Kxa4 56. Ra6+ Kb3 57. Rb6+ Kc4 58. Rc6+ Kd3 59. Rd6+ Ke4 60. Re6+ Kf5 61. Rc6 h1=Q+ 62. Kxh1 c1=Q+ 63. Kg2 Qd2+ 0-1


[Site "https://www.chess.com"]

[Event "Early Titled Tuesday Blitz | February 8 2022"]
[White "Dronavalli, Harika"]
[Black "Paravyan, David"]
[WhiteFideId "5015197"]
[BlackFideId "4194985"]
[WhiteElo "2382"]
[BlackElo "2569"]
[Result "1/2-1/2"]
[Round "02"]
[TimeControl "180+1"]
[Date "2022.02.08"]
[WhiteClock "0:01:06"]
[BlackClock "0:01:24"]

1. d4 Nf6 2. c4 g6 3. g3 d5 4. cxd5 c6 5. Nf3 cxd5 6. Ne5 Bg7 7. Bg2 O-O 8. Nc3 Nc6 9. O-O Bf5 10. Bf4 Ne4 11. Nxc6 bxc6 12. Rc1 Nxc3 13. Rxc3 Qb6 14. Be5 Bxe5 15. dxe5 Qxb2 16. Rxc6 Qxe5 17. Qxd5 Qxe2 18. Bf3 Qd3 19. Qxd3 Bxd3 20. Rd1 Rad8 21. Rc7 a5 22. Rxe7 Bc4 23. Rxd8 Rxd8 24. Ra7 Re8 25. h4 Re1+ 26. Kg2 Bf1+ 27. Kh2 Re5 28. Bd1 Bc4 29. Bb3 Bxb3 30. axb3 Rb5 31. Kg2 h5 32. Ra6 Kf8 33. Kf1 Ke7 34. Ke2 Kd7 35. Kd2 Rxb3 36. Rxa5 Ke7 37. Ke2 1/2-1/2


[Site "https://www.chess.com"]

[Event "Early Titled Tuesday Blitz | February 8 2022"]
[White "Howell, David W L"]
[Black "Ezat, Mohamed"]
[WhiteFideId "410608"]
[BlackFideId "10600906"]
[WhiteElo "2559"]
[BlackElo "2386"]
[Result "1-0"]
[Round "02"]
[TimeControl "180+1"]
[Date "2022.02.08"]
[WhiteClock "0:00:06"]
[BlackClock "0:00:07"]

1. e4 c6 2. Nc3 d5 3. Qe2 dxe4 4. Nxe4 Bf5 5. d3 e6 6. Nf3 Nd7 7. g3 Ngf6 8. Bg2 Be7 9. O-O O-O 10. Re1 Qb6 11. c3 Rad8 12. Be3 Qa5 13. Bf4 Qa6 14. Qc2 Nc5 15. Nxc5 Bxc5 16. b4 Bxd3 17. Qb2 Bd6 18. Ne5 Bg6 19. a4 Bxe5 20. Bxe5 Qd3 21. h3 Qc2 22. Qxc2 Bxc2 23. b5 Bb3 24. bxc6 bxc6 25. Bxc6 Bd5 26. Bb5 Ne4 27. Red1 Ng5 28. Kf1 Nf3 29. Bc7 Rc8 30. Ba5 Nh2+ 31. Kg1 Nf3+ 32. Kf1 Nh2+ 33. Ke1 Nf3+ 34. Ke2 Ne5 35. Rxd5 exd5 36. Bb4 Rfd8 37. Be7 Re8 38. Bxe8 Rxe8 39. Bc5 Nd7+ 40. Be3 Nb6 41. Kd3 Nc4 42. Bxa7 Ra8 43. Rb1 f6 44. Rb8+ Rxb8 45. Bxb8 Nb6 46. a5 Nd7 47. Bd6 Kf7 48. a6 Ke6 49. a7 Nb6 50. Bc5 Na8 51. Kd4 Kd7 52. Kxd5 Kc7 53. Ke6 Kb7 54. Ke7 Kc6 55. Bd4 Kd5 56. Kf7 Ke4 57. Kxg7 Kf5 58. Kxh7 Kg5 59. h4+ Kh5 60. Bxf6 Nc7 61. Bd4 Ne6 62. a8=Q Nf8+ 63. Qxf8 1-0


[Site "https://www.chess.com"]

[Event "Early Titled Tuesday Blitz | February 8 2022"]
[White "Hua, Lefong"]
[Black "Prieto Aranguren, Alain"]
[WhiteFideId "2602253"]
[BlackFideId "2268906"]
[WhiteElo "2530"]
[BlackElo "2235"]
[Result "1-0"]
[Round "02"]
[TimeControl "180+1"]
[Date "2022.02.08"]
[WhiteClock "0:02:00"]
[BlackClock "0:00:49"]

1. d4 Nf6 2. c4 c5 3. d5 e6 4. Nc3 exd5 5. cxd5 Bd6 6. Nf3 O-O 7. g3 Re8 8. Bg2 Bc7 9. O-O d6 10. Nd2 Nbd7 11. a4 Ba5 12. h3 Rb8 13. Nc4 Ne5 14. Nxe5 Rxe5 15. Bf4 Re8 16. Nb5 a6 17. Nxd6 Re7 18. Nxf7 Rxf7 19. Bxb8 Bf5 20. Bf4 Qd7 21. Kh2 Nh5 22. e4 Nxf4 23. gxf4 Bc7 24. e5 Bg6 25. d6 Qf5 26. dxc7 Qxf4+ 27. Kh1 1-0


[Site "https://www.chess.com"]

[Event "Early Titled Tuesday Blitz | February 8 2022"]
[White "Iljin, Timofey"]
[Black "Shuvalov, Evgenij"]
[WhiteFideId "14110180"]
[BlackFideId "4187237"]
[WhiteElo "2396"]
[BlackElo "2119"]
[Result "0-1"]
[Round "02"]
[TimeControl "180+1"]
[Date "2022.02.08"]
[WhiteClock "0:00:03"]
[BlackClock "0:00:03"]

1. e4 e6 2. d4 d5 3. e5 c5 4. c3 Nc6 5. Nf3 Qb6 6. Bd3 cxd4 7. cxd4 Bd7 8. O-O Nxd4 9. Nxd4 Qxd4 10. Nc3 a6 11. Qe2 Qh4 12. f4 Bc5+ 13. Kh1 Nh6 14. g3 Qh3 15. Qg2 Qxg2+ 16. Kxg2 Rc8 17. Bd2 Bc6 18. Kh3 Nf5 19. g4 Ne7 20. Rac1 h5 21. g5 g6 22. a3 Kd7 23. b4 Ba7 24. b5 axb5 25. Nxb5 Bxb5 26. Bxb5+ Nc6 27. Bb4 Ra8 28. a4 Rhc8 29. Rc2 Kd8 30. Bc5 Nd4 31. Bxa7 Nxc2 32. Bb6+ Ke7 33. Rc1 Rc3+ 34. Kh4 Rac8 35. Ba5 Rf3 36. Bb4+ Kd8 37. Ba5+ Ke7 38. Bb4+ Kd8 39. Ba5+ b6 40. Bxb6+ Ke7 41. a5 Rxf4+ 42. Kg3 Rb4 43. Bd3 Rb2 44. Kf3 Ra2 45. Kg3 Kd7 46. Kh3 Rc3 47. Rd1 Raa3 48. Kh4 Rxd3 49. Rb1 Rdb3 50. Rc1 Nb4 51. Rc7+ Ke8 52. Rc8+ Ke7 53. Rc7+ Kf8 54. Bc5+ Kg7 55. Be3 Rxe3 56. Rxf7+ Kxf7 57. a6 Re4# 0-1


[Site "https://www.chess.com"]

[Event "Early Titled Tuesday Blitz | February 8 2022"]
[White "Iljushina, Olga"]
[Black "Fernandez, Michael"]
[WhiteFideId "4152280"]
[BlackFideId "5803560"]
[WhiteElo "1937"]
[BlackElo "2110"]
[Result "1/2-1/2"]
[Round "02"]
[TimeControl "180+1"]
[Date "2022.02.08"]
[WhiteClock "0:00:16"]
[BlackClock "0:00:11"]

1. e4 c5 2. Nf3 d6 3. d4 cxd4 4. Nxd4 Nf6 5. Nc3 g6 6. Be3 a6 7. f3 b5 8. Qd2 Bb7 9. O-O-O Nbd7 10. Kb1 Rc8 11. g4 Ne5 12. g5 Nfd7 13. h4 Nc5 14. Be2 Bg7 15. h5 Rf8 16. hxg6 hxg6 17. f4 Nc4 18. Bxc4 bxc4 19. Rh7 Bxd4 20. Qxd4 Ne6 21. Qd2 Qa5 22. Nd5 Qxd2 23. Rxd2 Bxd5 24. exd5 c3 25. bxc3 Nc5 26. Bd4 Kd7 27. Re2 Na4 28. Re3 Rc7 29. Kc1 Rb7 30. Kd2 Nb2 31. Reh3 Nc4+ 32. Ke2 Rb2 33. Kd3 Nb6 34. Bg7 Rc8 35. c4 Rb1 36. Bc3 Rxc4 37. Rxf7 Rd1+ 38. Ke2 Rxd5 39. Bf6 Rxc2+ 40. Ke1 Rxa2 41. Rxe7+ Kc6 42. Re2 Rxe2+ 43. Kxe2 Nd7 44. Rc3+ Rc5 45. Rxc5+ dxc5 46. f5 Nf8 47. Bg7 Nh7 48. fxg6 Nxg5 49. Bf6 Ne6 50. Kd3 Kd5 51. g7 Nxg7 52. Bxg7 c4+ 53. Kc3 Kc6 54. Kxc4 a5 55. Kb3 a4+ 56. Kxa4 1/2-1/2


[Site "https://www.chess.com"]

[Event "Early Titled Tuesday Blitz | February 8 2022"]
[White "Indjic, Aleksandar"]
[Black "Atakhan, Abtin"]
[WhiteFideId "911925"]
[BlackFideId "22502203"]
[WhiteElo "2616"]
[BlackElo "2119"]
[Result "1-0"]
[Round "02"]
[TimeControl "180+1"]
[Date "2022.02.08"]
[WhiteClock "0:01:49"]
[BlackClock "0:00:22"]

1. e4 c6 2. Nf3 d5 3. d3 Qc7 4. Qe2 dxe4 5. dxe4 e5 6. Nbd2 Bg4 7. h3 Bxf3 8. Nxf3 Nd7 9. g3 Ngf6 10. h4 Bd6 11. Bh3 Nc5 12. Nd2 O-O 13. O-O Rfe8 14. a4 a5 15. b3 Rad8 16. Bb2 Na6 17. Nc4 Nc5 18. Bg2 Ne6 19. Rfd1 Nd4 20. Bxd4 exd4 21. Rxd4 Bxg3 22. Rxd8 Qxd8 23. Rd1 Bxf2+ 24. Kxf2 Nxe4+ 25. Bxe4 Qxh4+ 26. Kg1 f5 27. Nd6 Qg3+ 28. Qg2 Qe3+ 29. Qf2 Qg5+ 30. Kf1 Rd8 31. Bd3 1-0


[Site "https://www.chess.com"]

[Event "Early Titled Tuesday Blitz | February 8 2022"]
[White "Jaferian, Koosha"]
[Black "Timofeev, Artyom"]
[WhiteFideId "12507440"]
[BlackFideId "4140419"]
[WhiteElo "2027"]
[BlackElo "2583"]
[Result "0-1"]
[Round "02"]
[TimeControl "180+1"]
[Date "2022.02.08"]
[WhiteClock "0:00:08"]
[BlackClock "0:01:00"]

1. Nf3 d5 2. b3 Nf6 3. Bb2 g6 4. c4 dxc4 5. bxc4 Bg7 6. d3 O-O 7. g3 b6 8. Bg2 Bb7 9. O-O Nbd7 10. Nbd2 Re8 11. Qc2 e5 12. Ng5 Bxg2 13. Kxg2 Nc5 14. Rab1 Qd7 15. Ba3 Qc6+ 16. Kg1 Rad8 17. Bxc5 Qxc5 18. Nge4 Qc6 19. Nxf6+ Bxf6 20. Ne4 Be7 21. Rb5 f5 22. Nc3 Bc5 23. Na4 Bf8 24. Nc3 h5 25. h4 Kh7 26. Nd5 a6 27. Rb2 Bc5 28. Qd2 e4 29. Qg5 Bd4 30. Rb3 Rd6 31. e3 Bg7 32. dxe4 Bh6 33. Ne7 Qd7 34. Nxf5 Bxg5 35. Nxd6 Qxd6 36. hxg5 Rxe4 0-1


[Site "https://www.chess.com"]

[Event "Early Titled Tuesday Blitz | February 8 2022"]
[White "Jakubowska, Anna"]
[Black "Guliyev, Namig"]
[WhiteFideId "1121952"]
[BlackFideId "13400363"]
[WhiteElo "1924"]
[BlackElo "2487"]
[Result "1/2-1/2"]
[Round "02"]
[TimeControl "180+1"]
[Date "2022.02.08"]
[WhiteClock "0:00:14"]
[BlackClock "0:01:05"]

1. e4 c5 2. Nc3 d6 3. g3 Nc6 4. Bg2 g6 5. d3 Bg7 6. Nh3 Nf6 7. f4 Rb8 8. O-O Nd4 9. Ng5 O-O 10. h3 b5 11. e5 Ne8 12. Nce4 h6 13. Nf3 dxe5 14. Nxe5 Bb7 15. c3 Nf5 16. Qe1 Qc7 17. g4 Nfd6 18. Be3 Nxe4 19. dxe4 Nd6 20. Rd1 Nxe4 21. Rd7 Qc8 22. Rxe7 Nd6 23. Bxb7 Rxb7 24. Rxb7 Nxb7 25. Qf2 Re8 26. Nd3 c4 27. Ne5 a6 28. Bd4 Nd6 29. Qf3 Qe6 30. f5 gxf5 31. gxf5 Nxf5 32. Qxf5 Bxe5 33. Bxe5 Qxe5 34. Qxf7+ Kh8 35. Qf6+ Qxf6 36. Rxf6 Re2 37. Rxh6+ Kg7 38. Rxa6 Rxb2 39. a4 b4 40. cxb4 c3 41. Rc6 c2 42. a5 Rb1+ 43. Kf2 c1=Q 44. Rxc1 Rxc1 45. Ke3 Rb1 46. Kd4 Rxb4+ 47. Kc5 Ra4 48. Kb6 Ra1 49. a6 Kf6 50. a7 Ke7 51. Kb7 Kd7 52. a8=Q Rb1+ 53. Ka7 Ra1+ 54. Kb8 Rxa8+ 55. Kxa8 Ke6 56. h4 Kf6 57. h5 Kg5 58. h6 Kxh6 1/2-1/2


[Site "https://www.chess.com"]

[Event "Early Titled Tuesday Blitz | February 8 2022"]
[White "Janaszak, Dawid"]
[Black "Makarian, Rudik"]
[WhiteFideId "1119206"]
[BlackFideId "44105681"]
[WhiteElo "2199"]
[BlackElo "2486"]
[Result "0-1"]
[Round "02"]
[TimeControl "180+1"]
[Date "2022.02.08"]
[WhiteClock "0:00:02"]
[BlackClock "0:00:41"]

1. e4 e5 2. Nf3 Nc6 3. d4 exd4 4. Nxd4 Nf6 5. Nxc6 bxc6 6. e5 Qe7 7. Qe2 Nd5 8. h4 Qe6 9. g3 d6 10. c4 Nb6 11. exd6 cxd6 12. Be3 d5 13. Nd2 Bb4 14. cxd5 Nxd5 15. Bh3 Qe7 16. Bxc8 Rxc8 17. Bg5 f6 18. Qxe7+ Kxe7 19. Be3 Nxe3 20. fxe3 Rhd8 21. O-O-O Rd5 22. Nc4 Rcd8 23. Kc2 Ke6 24. a3 Bc5 25. b4 Be7 26. Rxd5 cxd5 27. Na5 Rc8+ 28. Kd2 Bd6 29. g4 Be5 30. Nb3 Rc3 31. Nc5+ Ke7 32. a4 Ra3 33. a5 Bc3+ 34. Ke2 Bxb4 35. Nd3 Bd6 36. Rb1 Rxa5 37. Rb7+ Kf8 38. g5 fxg5 39. hxg5 d4 40. exd4 Rxg5 41. Rxa7 h5 42. Rd7 Bg3 43. Nc5 Rg6 44. d5 h4 45. Ne6+ Kg8 46. Rd8+ Kf7 47. Rh8 Rg4 48. Kf3 Ra4 49. Rh7 Be5 50. Ng5+ Kg6 51. d6 Kxg5 52. d7 Rd4 53. Ke3 Rxd7 54. Ke4 Bf6 0-1


[Site "https://www.chess.com"]

[Event "Early Titled Tuesday Blitz | February 8 2022"]
[White "Jarocka, Liwia"]
[Black "Kosakowski, Jakub"]
[WhiteFideId "21807558"]
[BlackFideId "1185080"]
[WhiteElo "1896"]
[BlackElo "2476"]
[Result "0-1"]
[Round "02"]
[TimeControl "180+1"]
[Date "2022.02.08"]
[WhiteClock "0:00:07"]
[BlackClock "0:00:26"]

1. f4 Nf6 2. Nf3 g6 3. g3 Bg7 4. Bg2 O-O 5. O-O d6 6. d4 Nc6 7. c4 Bf5 8. Nc3 Ne4 9. Nxe4 Bxe4 10. d5 Nb4 11. Nd2 Bxg2 12. Kxg2 c6 13. a3 Na6 14. e4 Nc5 15. Rb1 a5 16. b4 axb4 17. axb4 Nd3 18. Nf3 Nxc1 19. Rxc1 Qb6 20. c5 Qxb4 21. dxc6 bxc6 22. cxd6 exd6 23. Rxc6 Qxe4 24. Rxd6 Ra1 25. Qd3 Ra2+ 26. Rf2 Rxf2+ 27. Kxf2 Qa4 28. Qd1 Qb5 29. Kg2 Qa5 30. Rd5 Qa8 31. Rd7 Re8 32. Rd2 h6 33. Re2 Rd8 34. Rd2 Rb8 35. Qe2 Rb3 36. Rd3 Rb4 37. Rd2 Kh7 38. Kf2 Qa7+ 39. Kg2 Qb7 40. Kf2 Rb3 41. Nd4 Qb6 42. Qc4 Rb4 43. Qxf7 Rxd4 44. Rxd4 Qxd4+ 45. Kg2 Qe4+ 46. Kg1 Qf3 47. f5 0-1


[Site "https://www.chess.com"]

[Event "Early Titled Tuesday Blitz | February 8 2022"]
[White "Jeet, Jain"]
[Black "Dew, Brian"]
[WhiteFideId "5073022"]
[BlackFideId "6000495"]
[WhiteElo "2085"]
[BlackElo "2118"]
[Result "1-0"]
[Round "02"]
[TimeControl "180+1"]
[Date "2022.02.08"]
[WhiteClock "0:01:52"]
[BlackClock "0:00:02"]

1. e4 c6 2. d4 d5 3. e5 Bf5 4. h4 h6 5. Nc3 e6 6. g4 Bh7 7. Bd3 Bxd3 8. Qxd3 c5 9. Nce2 cxd4 10. Nxd4 Nc6 11. c3 Nxe5 12. Qe2 Nc6 13. h5 Nf6 14. Nh3 Nxd4 15. cxd4 Bb4+ 16. Kf1 Be7 17. Kg2 Rc8 18. Be3 Qb6 19. Rhc1 O-O 20. g5 hxg5 21. Nxg5 Rc6 22. Rxc6 bxc6 23. Rh1 Rb8 24. h6 gxh6 25. Rxh6 Kg7 26. Qf3 Rg8 27. Rh7+ Kf8 28. Rxf7+ Ke8 29. Rxf6 Qxb2 30. Rxe6 Kd7 31. Rxe7+ Kxe7 32. Qf7+ Kd6 33. Bf4# 1-0


[Site "https://www.chess.com"]